 Dungeon Crawl Stone Soup version 0.18.1-48-g4cf74bf (webtiles) character file.

49 MistressOfTheDunes the Insei (level 3, -1/29 HPs)
             Began as a Mummy Monk on June 25, 2016.
             Slain by a quokka (3 damage)
             ... on level 2 of the Dungeon.
             The game lasted 00:01:18 (1906 turns).

MistressOfTheDunes the Insei (Mummy Monk)           Turns: 1906, Time: 00:01:18

Health: -1/29      AC:  1    Str: 14    XL:     3   Next: 53%
Magic:  3/3        EV: 13    Int:  9    God:
Gold:   71         SH:  0    Dex: 15    Spells: 0 memorised, 2 levels left

rFire  x . .     SeeInvis .       - Unarmed
rCold  + . .     Gourm    .     (no armour)
rNeg   + + +     Faith    .     (no shield)
rPois  ∞         Spirit   .     (no helmet)
rElec  .         Dismiss  .     (no cloak)
rCorr  .         Reflect  .     (no gloves)
SustAt .         Harm     .     f - +0 pair of boots
MR     .....                    (no amulet)
Stlth  ++........               (no ring)
                                (no ring)

@: not resistant to hostile enchantments, unstealthy
A: no food or potions, fire vulnerability, cold resistance 1, negative energy
resistance 3, torment resistance, unbreathing
a: no special abilities


You were on level 2 of the Dungeon.
You were not hungry.

You visited 1 branch of the dungeon, and saw 2 of its levels.

You collected 71 gold pieces.


Innate Abilities, Weirdness & Mutations

You do not eat or drink.
Your flesh is vulnerable to fire.
You are immune to poison.
Your flesh is cold resistant.
You are immune to negative energy.
You are immune to unholy pain and torment.
You can survive without breathing.


   Skills:
 - Level 3.0 Fighting
 - Level 2.4 Dodging
 - Level 1.5 Stealth
 + Level 4.4 Unarmed Combat


You had 2 spell levels left.
You didn't know any spells.

Inventory:

Armour
 f - a +0 pair of boots (worn)
Scrolls
 a - 3 scrolls of remove curse {unknown}
 b - 3 scrolls of teleportation {unknown}
 c - a scroll of enchant armour {unknown}
 d - a scroll of random uselessness {unknown}
 e - 2 scrolls of identify {unknown}

Dungeon Overview and Level Annotations

Branches:
Dungeon (2/15)

Altars:

▒.▒▒...........▒▒....▒▒
▒▒.▒▒.........%........▒
.▒▒............▒▒▒▒▒▒▒▒▒.▒
.............%.▒...▒...▒.▒
.▒.............▒.▒.▒.▒.▒.▒
▒.▒.▒▒........▒.▒.▒.▒.▒.▒
▒.▒.▒▒........▒.▒.▒.▒.▒.▒
▒.▒.▒▒........▒.▒.▒.▒.▒.▒
▒.▒.▒▒........▒M▒.▒.▒.▒.▒
▒. ▒........▒r▒.▒.▒.▒.▒▒
▒▒▒▒▒▒▒▒.!.▒...▒....▒
▒.▒▒▒▒▒▒▒▒▒..▒▒
▒.............▒
▒▒...▒▒▒▒▒..▒.▒ ▒...▒
▒..▒.▒
▒▒...▒▒▒▒▒▒.▒.▒▒▒▒▒▒
▒....+..............


You could see a quokka.


Message History

A quokka is nearby!!!
The quokka closely misses you! The quokka bites you!
You pummel the quokka but do no damage! The quokka bites you!
You squash the quokka but do no damage!
The quokka closely misses you!
You closely miss the quokka! The quokka barely misses you!
You pulverise the quokka but do no damage!
The quokka barely misses you!
You barely miss the quokka! The quokka bites you!
You barely miss the quokka! The quokka closely misses you!
You barely miss the quokka! The quokka barely misses you!
The quokka closely misses you!
A quokka is nearby!!!
A quokka is nearby!!!
A quokka is nearby!!!
You barely miss the quokka! The quokka closely misses you!
You closely miss the quokka! The quokka bites you!
You closely miss the quokka! The quokka misses you!
You closely miss the quokka! The quokka bites you!
You barely miss the quokka! The quokka barely misses you!
You completely miss the quokka! The quokka bites you! * * * don't die
* * * You closely miss the quokka!
The quokka bites you! * * * don't die
* * * You barely miss the quokka!
The quokka bites you! * * * don't die
* * * You pulverise the quokka but do no damage!
You punch the quokka!
The quokka is almost dead!
The quokka bites you! rip

Action                   || total
-------------------------++-------
Melee: Unarmed           ||   132
       Punch             ||     2
 Stab: Sleeping          ||     5
Dodge: Dodged            ||    74

Vault maps used:
D:1:      mushboom_english_gardens
D:2:      serial_curves, eino_curves_04, eino_curves_04, minivault_27

Notes
Turn   | Place    | Note
--------------------------------------------------------------
     0 | D:1      | MistressOfTheDunes the Mummy Monk began the quest for the Orb.
     0 | D:1      | Reached XP level 1. HP: 18/18 MP: 1/1
   395 | D:1      | Reached XP level 2. HP: 18/24 MP: 2/2
  1157 | D:2      | Reached skill level 4 in Unarmed Combat
  1229 | D:2      | Reached XP level 3. HP: 13/29 MP: 3/3
  1905 | D:2      | HP: 2/29 [quokka (4)]
  1906 | D:2      | Slain by a quokka

Vanquished Creatures
  2 adders (D:2)
  A worm (D:2)
  A dart slug (D:1)
  A giant gecko (D:1)
  2 giant cockroaches (D:2)
  2 goblins
  3 hobgoblins (D:1)
  A quokka (D:2)
  2 giant newts (D:1)
  5 kobolds (D:1)
  6 rats
26 creatures vanquished.
